AoeStats
← murcielagoschack

Black Forest

510354850Analyzed
4v4 RM · 2d ago on Sep 30, 2026· 122m 19s· 8 players
Game mode
Random Map
Map size
Large (8 player)
Population
200
Speed
Normal
Resources
Standard
Victory
Conquest
Starting age
Dark Age
Ending age
Imperial Age
RankedLock teamsTeams togetherTeam positionsShared explorationLock speedFull tech treeHidden civsTurbo modeCheats
Victory
Defeat
🇵🇱 Khmer · Poland
694
+13
🇩🇪 Britons · Germany
561
+19
🇮🇳 Spanish · India
550
+19
🇹🇷 Persians · Türkiye
541
+19
🇪🇸 Britons · Spain
655
-19
🇺🇸 Jurchens · United States
631
-18
🇦🇺 Ethiopians · Australia
617
-17
🇩🇪 Chinese · Germany
589
-16
RuubenESP
1:12 Loom
11:17 Feudal Age
13:30 Wheelbarrow
18:55 Castle Age
22:49 Double-Bit Axe
32:20 Imperial Age
31:04 Bow Saw
31:56 Gold Mining
32:15 Fletching
32:29 Padded Archer Armor
33:22 Ballistics
34:04 Chemistry
33:54 Bodkin Arrow
35:35 Horse Collar
38:15 Two-Man Saw
37:50 Bracer
38:08 Leather Archer Armor
39:15 Hand Cart
39:32 Heavy Plow
39:38 Elite Longbowman
40:32 Cavalier
44:20 Yeomen
48:41 Scale Barding Armor
49:07 Ring Archer Armor
48:48 Forging
48:30 Arrowslits
48:44 Murder Holes
49:05 Pikeman
49:35 Gambesons
49:51 Squires
49:36 Arson
50:00 Caravan
57:49 Halberdier
61:01 Light Cavalry
63:43 Iron Casting
63:09 Scale Mail Armor
63:29 Chain Barding Armor
70:41 Blast Furnace
71:33 Block Printing
73:31 Theocracy
96:46 Illumination
116:18 Plate Barding Armor
murcielagoschack
0:37 Loom
13:48 Feudal Age
14:15 Town Watch
14:23 Gold Mining
24:00 Castle Age
23:36 Stone Mining
24:35 Fletching
27:17 Bloodlines
34:10 Imperial Age
33:56 Town Patrol
35:40 Bodkin Arrow
36:38 Husbandry
37:16 Wheelbarrow
38:17 Bracer
38:13 Horse Collar
38:44 Caravan
39:32 Double-Bit Axe
42:17 Forging
41:40 Cavalier
43:06 Conscription
43:38 Murder Holes
44:43 Hand Cart
46:12 Masonry
Brown Sugar
1:39 Loom
16:35 Feudal Age
17:56 Double-Bit Axe
17:54 Horse Collar
18:07 Gold Mining
18:10 Stone Mining
18:07 Town Watch
20:53 Castle Age
20:05 Wheelbarrow
22:05 Bow Saw
21:56 Heavy Plow
22:34 Gold Shaft Mining
22:37 Stone Shaft Mining
24:15 Hand Cart
36:59 Town Patrol
38:42 Coinage
38:13 Caravan
40:47 Imperial Age
38:31 Masonry
38:31 Fortified Wall
38:17 Murder Holes
38:43 Ballistics
38:13 Guard Tower
42:13 Architecture
41:48 Siege Engineers
42:44 Chemistry
42:46 Two-Man Saw
42:50 Fletching
42:38 Heavy Scorpion
43:51 Banking
43:32 Guilds
45:36 Keep
44:57 Bodkin Arrow
44:59 Onager
45:00 Capped Ram
47:04 Torsion Engines
47:24 Conscription
47:35 Siege Onager
47:35 Siege Ram
48:17 Bracer
buraktaylaweb
14:27 Feudal Age
15:51 Wheelbarrow
15:10 Double-Bit Axe
15:08 Horse Collar
23:28 Gold Mining
27:47 Castle Age
26:18 Stone Mining
34:36 Hand Cart
34:25 Heavy Plow
34:38 Bow Saw
36:53 Stone Shaft Mining
37:12 Gold Shaft Mining
42:24 Imperial Age
41:42 Forging
41:33 Scale Mail Armor
41:39 Scale Barding Armor
41:35 Padded Archer Armor
41:25 Fletching
41:38 Caravan
44:14 Two-Man Saw
43:47 Crop Rotation
42:41 Heavy Rocket Cart
44:49 Fortified Wall
45:40 Chemistry
44:25 Arrowslits
44:32 Guard Tower
45:02 Ballistics
44:45 Squires
44:06 Pikeman
44:46 Murder Holes
44:16 Crossbowman
44:17 Elite Skirmisher
45:36 Iron Casting
45:17 Chain Mail Armor
45:18 Leather Archer Armor
44:58 Bodkin Arrow
45:24 Chain Barding Armor
48:38 Capped Ram
49:49 Town Watch
49:51 Loom
51:40 Blast Furnace
50:41 Bracer
51:11 Ring Archer Armor
51:17 Plate Barding Armor
51:05 Conscription
50:56 Thunderclap Bombs
50:47 Fortified Bastions
51:23 Hoardings
50:19 Sappers
50:09 Elite Iron Pagoda
50:18 Siege Ram
51:12 Elite Fire Lancer
52:53 Halberdier
ShrouD
16:34 Feudal Age
17:05 Stone Mining
17:06 Gold Mining
17:55 Wheelbarrow
18:45 Horse Collar
18:58 Double-Bit Axe
24:55 Castle Age
27:01 Hand Cart
26:34 Loom
26:35 Town Watch
30:28 Thumb Ring
34:01 Scale Barding Armor
33:57 Scale Mail Armor
34:08 Forging
33:49 Fletching
34:01 Padded Archer Armor
35:18 Heavy Plow
36:01 Stone Shaft Mining
39:16 Inquisition
43:31 Imperial Age
43:34 Elite Conquistador
43:53 Elite Conquistador
44:58 Supremacy
47:24 Sappers
53:12 Husbandry
52:35 Light Cavalry
53:42 Chain Barding Armor
53:37 Leather Archer Armor
53:58 Iron Casting
53:19 Bodkin Arrow
53:39 Chain Mail Armor
54:10 Cavalier
56:39 Paladin
59:19 Bloodlines
59:28 Bloodlines
58:40 Hussar
75:54 Supremacy
volkan.kaya
0:48 Loom
12:26 Feudal Age
15:02 Horse Collar
15:12 Double-Bit Axe
15:18 Horse Collar
19:39 Castle Age
21:26 Double-Bit Axe
28:32 Heavy Plow
29:01 Gambesons
28:36 Man-at-Arms
35:43 Gold Mining
35:45 Stone Mining
36:16 Bow Saw
38:17 Kamandaran
40:53 Imperial Age
39:17 Wheelbarrow
38:22 Man-at-Arms
39:58 Caravan
40:29 Coinage
40:44 Stone Shaft Mining
41:35 Gold Shaft Mining
41:14 Forging
41:05 Scale Mail Armor
41:06 Padded Archer Armor
41:58 Conscription
42:01 Masonry
42:34 Elite Skirmisher
44:13 Hand Cart
44:14 Fletching
46:48 Chemistry
45:44 Murder Holes
47:33 Husbandry
47:30 Arson
47:46 Squires
51:22 Ballistics
52:29 Citadels
53:31 Cavalier
55:03 Thumb Ring
59:23 Bloodlines
58:33 Light Cavalry
65:14 Iron Casting
65:37 Leather Archer Armor
68:26 Heated Shot
69:36 Banking
69:29 Guilds
70:38 Two-Man Saw
70:15 Scale Barding Armor
73:03 Crop Rotation
73:43 Blast Furnace
74:03 Ring Archer Armor
76:09 Chain Mail Armor
75:51 Bodkin Arrow
76:19 Chain Barding Armor
75:31 Heavy Camel Rider
78:05 Plate Mail Armor
78:11 Architecture
77:32 Guard Tower
77:41 Savar
80:23 Heavy Scorpion
92:03 Onager
98:17 Hussar
100:38 Elite War Elephant
101:55 Hoardings
104:52 Plate Barding Armor
105:32 Sappers
Homer Van Gogh
8:57 Loom
10:59 Loom
13:30 Feudal Age
11:49 Loom
15:02 Wheelbarrow
14:10 Horse Collar
14:17 Double-Bit Axe
22:30 Castle Age
20:19 Town Watch
24:07 Hand Cart
24:04 Bow Saw
24:03 Heavy Plow
27:26 Stone Mining
27:27 Gold Mining
30:25 Stone Shaft Mining
30:26 Gold Shaft Mining
31:39 Caravan
31:52 Town Patrol
36:14 Fortified Wall
36:14 Masonry
36:26 Ballistics
36:03 Murder Holes
35:58 Guard Tower
37:00 Forging
36:56 Scale Barding Armor
36:42 Fletching
39:41 Iron Casting
39:02 Bodkin Arrow
39:27 Chain Barding Armor
42:00 Imperial Age
40:51 Husbandry
41:04 Bloodlines
40:17 Light Cavalry
42:41 Hussar
48:52 Blast Furnace
48:27 Plate Barding Armor
47:53 Bracer
53:19 Elite Battle Elephant
67:51 Tusk Swords
67:52 Double Crossbow
68:12 Conscription
67:31 Elite Ballista Elephant
76:45 Padded Archer Armor
76:45 Scale Mail Armor
99:33 Chemistry
99:04 Architecture
98:40 Siege Engineers
98:41 Siphons
98:34 Heated Shot
Heistergand
0:39 Loom
13:48 Feudal Age
15:15 Stone Mining
15:10 Horse Collar
16:37 Double-Bit Axe
20:47 Wheelbarrow
20:07 Gold Mining
20:13 Fletching
23:22 Castle Age
23:00 Forging
22:56 Scale Barding Armor
22:53 Scale Mail Armor
22:53 Padded Archer Armor
25:23 Gold Shaft Mining
24:47 Bodkin Arrow
24:56 Squires
25:52 Heavy Plow
26:07 Bow Saw
25:49 Crossbowman
29:13 Leather Archer Armor
29:34 Iron Casting
29:15 Chain Mail Armor
29:51 Iron Casting
29:31 Chain Mail Armor
28:53 Pikeman
31:39 Town Watch
33:30 Ballistics
33:27 Arson
34:14 Caravan
36:42 Town Patrol
36:07 Elite Skirmisher
42:24 Imperial Age
41:15 Hand Cart
43:12 Bracer
43:58 Conscription
44:54 Ring Archer Armor
44:43 Masonry
46:20 Blast Furnace
47:34 Hoardings
47:01 Warwolf
47:15 Arbalester
47:25 Halberdier
47:29 Capped Ram
54:21 Yeomen
54:44 Plate Mail Armor
54:35 Chain Barding Armor
55:18 Chemistry
57:40 Architecture
56:51 Treadmill Crane
57:08 Murder Holes
60:03 Elite Longbowman
61:46 Plate Barding Armor
61:45 Cranequins
66:25 Sappers
67:07 Siege Engineers
66:48 Arrowslits
66:55 Guard Tower
66:43 Onager
70:59 Fortified Wall
77:50 Light Cavalry
78:31 Husbandry
79:20 Cavalier
82:40 Heavy Scorpion
118:53 Two-Man Saw
Connection lost

Rejoining the realm…

Still unreachable

The connection could not be restored.

Session expired

The server has moved on; the page needs a fresh start.